 Dungeon Sprint DCSS version 0.17-a0-2127-g1cb09f6 (webtiles) character file.

744526 Ordine the Conqueror (level 22, -6/349 HPs)
             Began as a Minotaur Fighter on Oct 22, 2015.
             Was the Champion of the Shining One.
             Killed by an exploding ball lightning (33 damage)
             ... created by Lom Lobon
             ... in the Dungeon (Sprint IX: "|||||||||||||||||||||||||||||").
             The game lasted 01:23:19 (17464 turns).

Ordine the Conqueror (Minotaur Fighter)            Turns: 17464, Time: 01:23:21

Health: -6/349     AC: 42    Str: 43    XL:     22   Next: 42%
Magic:  52/52      EV: 33    Int:  5    God:    the Shining One [******]
Gold:   1699       SH: 50    Dex: 26    Spells: 0 memorised, 57 levels left

rFire  + . .     SeeInvis .     s - +9 eveningstar (holy)
rCold  + . .     Clarity  .     d - +7 gold dragon armour
rNeg   + + +     SustAt   .     a - +1 large shield
rPois  +         Gourm    .     y - +0 hat of Xytisihe {*Corrode Str+4 Int-4 Dex+9}
rElec  .         Spirit   .     x - +2 cloak {+Inv}
rCorr  .         Warding  .     v - +0 pair of gloves {Dex+3}
rMut   .         NoTele   +     k - +0 pair of boots {Fly}
MR     ++...                    j - amulet of the Chupacabra {Faith MR+ Dex+3 Slay+2}
Stlth  ..........               z - ring of Pymemoom {rPois MP+9 Int+4 Slay+2}
                                A - ring "Gite" {Str+4 Slay+3}

@: berserking, divine shield, flying, glowing, very quick, very resistant to
hostile enchantments, extremely unstealthy
A: retaliatory headbutt, horns 2
a: Divine Shield, Cleansing Flame, Summon Divine Warrior, Renounce Religion,
Evoke Invisibility, Stop Flying
}: 14/15 runes: decaying, serpentine, barnacled, slimy, elven, silver, golden,
obsidian, icy, bone, abyssal, glowing, fiery, gossamer


You were in the Dungeon.
You worshipped the Shining One.
The Shining One was exalted by your worship.
You were not hungry.

You visited 1 branch You collected 1969 gold pieces.
You spent 270 gold pieces at shops.

Inventory:

Hand Weapons
 s - a +9 eveningstar of holy wrath (weapon)
Armour
 a - a +1 large shield (worn)
 d - a +7 gold dragon armour (worn)
 k - a +0 pair of boots of flying (worn)
 v - a +0 pair of gloves of dexterity (worn)
 x - a +2 cloak of invisibility (worn)
 y - the +0 hat of Xytisihe (worn) {*Corrode Str+4 Int-4 Dex+9}
   (You found it in the Dungeon)

   It affects your strength (+4).
   It affects your intelligence (-4).
   It affects your dexterity (+9).
   It may corrode your equipment when you take damage.
Jewellery
 j - the amulet of the Chupacabra (around neck) {Faith MR+ Dex+3 Slay+2}
   (You found it in the Dungeon)

   [amulet of faith]

   It allows you to gain divine favour quickly.
   It affects your dexterity (+3).
   It affects your accuracy and damage with ranged weapons and melee attacks
   (+2).
   It affects your resistance to hostile enchantments.
 z - the ring of Pymemoom (right hand) {rPois MP+9 Int+4 Slay+2}
   (You found it in the Dungeon)

   [ring of poison resistance]

   It affects your intelligence (+4).
   It affects your accuracy and damage with ranged weapons and melee attacks
   (+2).
   It protects you from poison.
   It affects your magic capacity (+9).
 A - the ring "Gite" (left hand) {Str+4 Slay+3}
   (You found it in the Dungeon)

   [ring of slaying]

   It affects your strength (+4).
   It affects your accuracy and damage with ranged weapons and melee attacks
   (+3).
Wands
 u - a wand of hasting (3)
Scrolls
 c - 5 scrolls of fog
 l - 7 scrolls of remove curse
 n - a scroll of fear
 w - 2 scrolls of enchant weapon
 E - 2 scrolls of amnesia
Potions
 f - 5 potions of curing
 g - 4 potions of heal wounds
 h - a potion of haste
Comestibles
 e - 11 bread rations
 m - 30 fruits


   Skills:
 O Level 27 Fighting
 O Level 27 Maces & Flails
 O Level 27 Throwing
 O Level 27 Armour
 O Level 27 Dodging
 O Level 27 Stealth
 O Level 27 Shields
 O Level 27 Unarmed Combat
 + Level 18.0 Spellcasting
 O Level 27 Invocations
 O Level 27 Evocations


You had 57 spell levels left.
You didn't know any spells.

Dungeon Overview and Level Annotations

Branches:
Dungeon (1/1)

Altars:
Cheibriados
Dithmenos
Elyvilon
Fedhas
Gozag
Kikubaaqudgha
Makhleb
Nemelex Xobeh
Okawaru
Qazlal
Ru
Sif Muna
Trog
Vehumet
Xom
Yredelemnul
Zin
The Shining One
Beogh
Jiyva
Lugonu

Shops:
D (}(?

Annotations:
D Lom Lobon


Innate Abilities, Weirdness & Mutations

You reflexively headbutt those who attack you in melee.
You have a pair of horns on your head.


Message History

You are engulfed in freezing vapours.
You resist.
The ball lightning explodes!
The blast of lightning engulfs Lom Lobon.
Lom Lobon completely resists.
The blast of lightning engulfs you!
* * * LOW HITPOINT WARNING * * *
Lom Lobon blinks!
Unknown command.
You feel a strong urge to attack something.
You are engulfed in freezing vapours.
You resist.
Lom Lobon gestures.
A ball lightning comes into view.
You are too berserk!
You completely miss the ball lightning.
You are engulfed in freezing vapours.
You resist.
* * * LOW HITPOINT WARNING * * *
The ice encasing you melts away.
The ball lightning explodes!
The blast of lightning engulfs Lom Lobon.
Lom Lobon completely resists.
The blast of lightning engulfs you!
You die...

▓▓▓▓▓▓▓▓▓▓▓▓▓▓▓▓▓▓
▓&▓...▓...▓...▓...
▓§▓.▓.▓.▓.▓.▓.▓.▓.
▓@▓.▓.▓.▓.▓.▓'▓.▓.
▓§▓.▓.▓.▓.▓.▓.▓.▓.
▓§▓.▓.▓.▓.▓.▓.▓.▓'
▓.▓.▓.▓.▓'▓.▓.▓.▓.
▓φ▓.▓'▓.▓.▓.▓.▓.▓.
▓.▓.▓.▓.▓.▓.▓)▓.▓.
▓.▓.▓.▓.▓.▓.▓.▓.▓.
▓.▓.▓.▓.▓.▓.▓.▓.▓.
▓.▓.▓.▓.▓.▓.▓0▓.▓.


You could see Lom Lobon.

Vanquished Creatures
  Cerebov (D)
  Antaeus (D)
  Asmodeus (D)
  the royal jelly (D)
  Ereshkigal (D)
  Gloorx Vloq (D)
  Mnoleg (D)
  Dispater (D)
  5 ancient liches (D)
  3 orbs of fire (D)
  Mara (D)
  Mennas (D)
  5 greater mummies (D)
  Boris (D)
  Frederick (D)
  Margery (D)
  Norris (D)
  A curse toe (D)
  Geryon (D)
  4 golden dragons (D)
  Nikola (D)
  Jory (D)
  3 bone dragons (D)
  Xtahua (D)
  2 electric golems (D)
  27 Orb Guardians (D)
  3 liches (D)
  2 tentacled monstrosities (D)
  A quicksilver dragon (D)
  A deep elf blademaster (D)
  5 death cobs (D)
  3 deep elf master archers (D)
  A tentacled starspawn (D)
  A thorn hunter (D)
  5 acid blobs (D)
  A tengu reaver (D)
  12 sphinxes (D)
  8 shadow dragons (D)
  4 storm dragons (D)
  4 greater nagas (D)
  Ilsuiw (D)
  4 azure jellies (D)
  2 ghost moths (D)
  2 draconian knights (D)
  2 fire giants (D)
  A deep elf sorcerer (D)
  2 draconian scorchers (D)
  Louise (D)
  6 emperor scorpions (D)
  2 large abominations (D)
  2 draconian zealots (D)
  3 vault wardens (D)
  A draconian annihilator (D)
  A draconian shifter (D)
  2 ironheart preservers (D)
  9 stone giants (D)
  A draconian caller (D)
  2 very ugly things (D)
  2 deep elf demonologists (D)
  2 green draconians (D)
  3 black draconians (D)
  A salamander stormcaller (D)
  3 mottled draconians (D)
  A red draconian (D)
  3 purple draconians (D)
  2 white draconians (D)
  4 yellow draconians (D)
  2 deep elf annihilators (D)
  7 vampire knights (D)
  An ettin (D)
  3 merfolk javelineers (D)
  2 deep elf death magi (D)
  2 death oozes (D)
  3 merfolk impalers (D)
  25 vault guards (D)
  5 fire dragons (D)
  8 mummy priests (D)
  2 yaktaur captains (D)
  3 great orbs of eyes (D)
  3 deep elf high priests (D)
  An entropy weaver (D)
  7 hydras (D)
  4 naga warriors (D)
  4 ice dragons (D)
  A merfolk avatar (D)
  Erica (D)
  A catoblepas (D)
  5 merfolk aquamancers (D)
  4 ogre magi (D)
  2 ghost crabs (D)
  3 centaur warriors (D)
  A deep troll earth mage (D)
  2 tengu warriors (D)
  A death yak (D)
  A thrashing horror (D)
  2 shock serpents (D)
  Urug (D)
  A deep troll shaman (D)
  A fire crab (shapeshifter) (D)
  A shadow wraith (D)
  5 hell knights (D)
  Sonja (D)
  3 wretched stars (D)
  An iron troll (D)
  2 deep trolls (D)
  6 swamp dragons (D)
  4 orc knights (D)
  15 hill giants (D)
  A wizard (D)
  A necromancer (D)
  A mana viper (D)
  2 ironbrand convokers (D)
  2 griffons (D)
  3 ugly things (D)
  An orb spider (D)
  5 wolf spiders (D)
  3 hornets (D)
  A cyclops (shapeshifter) (D)
  9 moths of wrath (D)
  3 guardian serpents (D)
  3 black mambas (D)
  A vault sentinel (D)
  2 naga magi (D)
  Psyche (D)
  2 yaktaurs (D)
  3 komodo dragons (D)
  A kobold demonologist (D)
  A demonic crawler (D)
  A wandering mushroom (D)
  3 merfolk (D)
  A tengu conjurer (D)
  15 guardian mummies (D)
  A freezing wraith (D)
  4 jumping spiders (D)
  9 trolls (D)
  3 polar bears (D)
  An ancient zyme (D)
  A polar bear (shapeshifter) (D)
  A snapping turtle (D)
  2 two-headed ogres (D)
  4 bog bodies (D)
  A giant leech (D)
  11 spriggans (D)
  A deep elf fighter (D)
  A deep elf mage (D)
  2 vampire mosquitoes (D)
  2 golden eyes (D)
  A trapdoor spider (D)
  A hog (shapeshifter) (D)
  Grum (D)
  4 hippogriffs (D)
  A neqoxec (D)
  A hungry ghost (D)
  3 wolves (D)
  2 nagas (D)
  A swamp drake (D)
  A small abomination (D)
  2 water moccasins (D)
  A black bear (shapeshifter) (D)
  11 orc warriors (D)
  8 black bears (D)
  A soldier ant (D)
  A spider (D)
  5 ogres (D)
  4 crocodiles (D)
  3 giant frogs (D)
  A wight (D)
  4 crimson imps (D)
  2 iguanas (D)
  4 orc priests (D)
  5 orc wizards (D)
  2 worker ants (D)
  A shadow imp (D)
  2 river rats (D)
  5 giant eyeballs (D)
  An ooze (D)
  5 orcs (D)
  A giant cockroach (D)
  2 goblins (D)
  2 kobolds (D)
  A ball python (D)
  A giant gecko skeleton (D)
  A jackal skeleton (D)
533 creatures vanquished.

Vanquished Creatures (collateral kills)
  2 acid blobs (D)
  A greater naga (D)
  2 death oozes (D)
  A naga mage (D)
6 creatures vanquished.

Vanquished Creatures (others)
  An ancient lich (D)
  A stone giant (D)
  A merfolk aquamancer (D)
  A vampire mage (D)
  3 ball lightnings (D)
  An ironbrand convoker (D)
  A vault sentinel (D)
  A white imp (D)
10 creatures vanquished.

Grand Total: 549 creatures vanquished

Notes
Turn   | Place    | Note
--------------------------------------------------------------
     0 | D        | Ordine the Minotaur Fighter began the quest for the Orb.
     0 | D        | Reached XP level 1. HP: 19/19 MP: 0/0
     7 | D        | Reached skill level 4 in Maces & Flails
    16 | D        | Reached skill level 5 in Maces & Flails
    31 | D        | Noticed a crimson imp
    31 | D        | Noticed a worker ant
    31 | D        | Noticed an iguana
    34 | D        | Killed an iguana
    34 | D        | Reached skill level 7 in Maces & Flails
    34 | D        | Reached XP level 2. HP: 13/26 MP: 1/1
    34 | D        | Reached XP level 3. HP: 15/31 MP: 2/2
    34 | D        | Reached skill level 8 in Maces & Flails
    43 | D        | Killed a worker ant
    43 | D        | Reached skill level 9 in Maces & Flails
    48 | D        | Killed a crimson imp
    48 | D        | Reached skill level 10 in Maces & Flails
    48 | D        | Reached XP level 4. HP: 10/39 MP: 3/3
    54 | D        | Found a glowing silver altar of Zin.
    54 | D        | Found a glowing golden altar of the Shining One.
    54 | D        | Found an ancient bone altar of Kikubaaqudgha.
    54 | D        | Found a basalt altar of Yredelemnul.
    54 | D        | Found a shimmering altar of Xom.
    54 | D        | Found a radiant altar of Vehumet.
    55 | D        | Found an iron altar of Okawaru.
    56 | D        | Found a burning altar of Makhleb.
    57 | D        | Found a deep blue altar of Sif Muna.
   305 | D        | Found a bloodstained altar of Trog.
   306 | D        | Found a sparkling altar of Nemelex Xobeh.
   307 | D        | Found a white marble altar of Elyvilon.
   308 | D        | Found a roughly hewn altar of Beogh.
   309 | D        | Found a viscous altar of Jiyva.
   310 | D        | Found a corrupted altar of Lugonu.
   311 | D        | Found a blossoming altar of Fedhas.
   312 | D        | Found a snail-covered altar of Cheibriados.
   313 | D        | Found a shadowy altar of Dithmenos.
   314 | D        | Found a stormy altar of Qazlal.
   315 | D        | Found an opulent altar of Gozag.
   316 | D        | Found a sacrificial altar of Ru.
   323 | D        | Became a worshipper of Trog the Wrathful
   375 | D        | Noticed a crimson imp
   375 | D        | Noticed a two-headed ogre
   375 | D        | Noticed a wight
   375 | D        | Noticed an ogre
   375 | D        | Noticed an orc warrior
   375 | D        | Noticed a hungry ghost
   383 | D        | Killed a hungry ghost
   383 | D        | Reached skill level 13 in Maces & Flails
   383 | D        | Reached XP level 5. HP: 45/45 MP: 4/4
   385 | D        | Killed an orc warrior
   385 | D        | Reached skill level 14 in Maces & Flails
   385 | D        | Reached XP level 6. HP: 51/51 MP: 5/5
   386 | D        | Killed an ogre
   386 | D        | Reached * piety under Trog
   386 | D        | Reached skill level 15 in Maces & Flails
   388 | D        | Killed a wight
   388 | D        | Reached skill level 16 in Maces & Flails
   390 | D        | Killed a two-headed ogre
   390 | D        | Reached skill level 5 in Fighting
   390 | D        | Reached skill level 5 in Armour
   390 | D        | Reached skill level 5 in Shields
   390 | D        | Reached XP level 7. HP: 62/62 MP: 6/6
   408 | D        | Killed a crimson imp
   466 | D        | Noticed a worker ant
   466 | D        | Noticed a catoblepas
   466 | D        | Noticed a hill giant
   466 | D        | Noticed a hippogriff
   474 | D        | Killed a hippogriff
   474 | D        | Reached ** piety under Trog
   479 | D        | Killed a hill giant
   479 | D        | Reached XP level 8. HP: 77/77 MP: 7/7
   482 | D        | Killed a catoblepas
   482 | D        | Reached skill level 10 in Fighting
   482 | D        | Reached skill level 10 in Armour
   482 | D        | Reached skill level 10 in Shields
   496 | D        | Killed a worker ant
   496 | D        | Reached *** piety under Trog
   812 | D        | Noticed a hippogriff
   812 | D        | Noticed a giant frog
   812 | D        | Noticed a water moccasin
   812 | D        | Noticed a komodo dragon
   812 | D        | Noticed a black mamba
   815 | D        | Noticed a giant frog
   817 | D        | Killed a black mamba
   817 | D        | Reached **** piety under Trog
   817 | D        | Reached XP level 9. HP: 89/89 MP: 8/8
   823 | D        | Killed a komodo dragon
   824 | D        | Noticed a crocodile
   828 | D        | Killed a water moccasin
   828 | D        | Reached ***** piety under Trog
   830 | D        | Noticed a komodo dragon
   831 | D        | Killed a giant frog
   838 | D        | Killed a hippogriff
   839 | D        | Killed a giant frog
   839 | D        | Received a gift from Trog
   843 | D        | Killed a crocodile
   844 | D        | Killed a komodo dragon
  1019 | D        | Noticed a death yak
  1019 | D        | Noticed a komodo dragon
  1019 | D        | Noticed a crocodile
  1019 | D        | Noticed a crocodile
  1019 | D        | Noticed an iguana
  1019 | D        | Noticed a hippogriff
  1022 | D        | Killed a hippogriff
  1023 | D        | Noticed a crocodile
  1023 | D        | Killed an iguana
  1025 | D        | Killed a crocodile
  1027 | D        | Noticed a water moccasin
  1030 | D        | Killed a death yak
  1030 | D        | Reached XP level 10. HP: 101/101 MP: 9/9
  1032 | D        | Killed a crocodile
  1032 | D        | Received a gift from Trog
  1037 | D        | Killed a komodo dragon
  1040 | D        | Killed a crocodile
  1040 | D        | Received a gift from Trog
  1044 | D        | Killed a water moccasin
  1080 | D        | Noticed a black bear
  1080 | D        | Noticed a black bear
  1080 | D        | Noticed a black bear
  1080 | D        | Noticed a polar bear
  1080 | D        | Noticed a black bear
  1080 | D        | Noticed a polar bear
  1086 | D        | Noticed a black bear
  1088 | D        | Killed a polar bear
  1092 | D        | Killed a polar bear
  1093 | D        | Killed a black bear
  1094 | D        | Noticed a black bear
  1095 | D        | Killed a black bear
  1098 | D        | Killed a black bear
  1098 | D        | Reached ****** piety under Trog
  1099 | D        | Killed a black bear
  1099 | D        | Received a gift from Trog
  1104 | D        | Killed a black bear
  1106 | D        | Killed a black bear
  1317 | D        | Noticed Urug
  1326 | D        | Killed Urug
  1377 | D        | Noticed Psyche
  1387 | D        | Killed Psyche
  1423 | D        | Noticed an orc priest
  1423 | D        | Noticed an orc warrior
  1423 | D        | Noticed an orc priest
  1429 | D        | Killed an orc priest
  1430 | D        | Noticed an orc wizard
  1431 | D        | Received a gift from Trog
  1436 | D        | Killed an orc warrior
  1437 | D        | Noticed an orc priest
  1438 | D        | Noticed an orc wizard
  1440 | D        | Noticed an orc wizard
  1440 | D        | Killed an orc priest
  1441 | D        | Killed an orc wizard
  1442 | D        | Noticed an orc wizard
  1445 | D        | Noticed an orc priest
  1445 | D        | Killed an orc priest
  1449 | D        | Killed an orc wizard
  1450 | D        | Killed an orc wizard
  1450 | D        | Received a gift from Trog
  1451 | D        | Killed an orc wizard
  1455 | D        | Killed an orc priest
  1486 | D        | Noticed an orc warrior
  1486 | D        | Noticed an orc knight
  1486 | D        | Noticed an orc warrior
  1486 | D        | Noticed an orc warrior
  1486 | D        | Noticed an orc warrior
  1486 | D        | Noticed an orc warrior
  1488 | D        | Noticed an orc warrior
  1490 | D        | Killed an orc warrior
  1490 | D        | Reached skill level 15 in Shields
  1491 | D        | Noticed an orc wizard
  1492 | D        | Killed an orc warrior
  1492 | D        | Reached skill level 15 in Fighting
  1492 | D        | Reached skill level 15 in Armour
  1493 | D        | Noticed an orc warrior
  1496 | D        | Killed an orc warrior
  1496 | D        | Reached skill level 1 in Dodging
  1497 | D        | Noticed an orc knight
  1504 | D        | Killed an orc knight
  1506 | D        | Killed an orc warrior
  1506 | D        | Received a gift from Trog
  1509 | D        | Noticed an orc warrior
  1509 | D        | Killed an orc warrior
  1510 | D        | Killed an orc warrior
  1511 | D        | Noticed an orc warrior
  1512 | D        | Killed an orc warrior
  1512 | D        | Reached XP level 11. HP: 113/113 MP: 3/10
  1521 | D        | Killed an orc knight
  1529 | D        | Killed an orc warrior
  1529 | D        | Received a gift from Trog
  1533 | D        | Killed an orc warrior
  1533 | D        | Reached skill level 5 in Dodging
  1535 | D        | Killed an orc wizard
  1651 | D        | Found Bita's Magic Scroll Boutique.
  1651 | D        | Noticed a troll
  1651 | D        | Noticed a troll
  1651 | D        | Noticed an ogre mage
  1651 | D        | Noticed a hill giant
  1651 | D        | Noticed a hill giant
  1652 | D        | Noticed a troll
  1655 | D        | Killed a hill giant
  1659 | D        | Killed a hill giant
  1664 | D        | Killed an ogre mage
  1664 | D        | Received a gift from Trog
  1665 | D        | Killed a troll
  1668 | D        | Noticed a troll
  1669 | D        | Killed a troll
  1671 | D        | Killed a troll
  1672 | D        | Found Rosucat's Weapon Shop.
  1673 | D        | Noticed an iron troll
  1674 | D        | Found Qiudiut's Gadget Boutique.
  1676 | D        | Noticed a troll
  1678 | D        | Killed a troll
  1680 | D        | Noticed a hill giant
  1686 | D        | Killed an iron troll
  1688 | D        | Killed a troll
  1688 | D        | Received a gift from Trog
  1688 | D        | Reached skill level 17 in Fighting
  1692 | D        | Killed a hill giant
  1699 | D        | Got an ichor-stained quarterstaff {god gift}
  1706 | D        | Identified the +3 quarterstaff "Irphufixa" {drain, SInv} (Trog gifted it to you in the Dungeon)
  1722 | D        | Found Kewoulil's Weapon Shop.
  1725 | D        | Bought a scroll of enchant armour for 90 gold pieces
  1725 | D        | Bought a scroll of enchant weapon for 90 gold pieces
  1725 | D        | Bought a scroll of enchant weapon for 90 gold pieces
  1727 | D        | Noticed a deep troll
  1728 | D        | Noticed a hill giant
  1729 | D        | Noticed a troll
  1733 | D        | Killed a deep troll
  1737 | D        | Killed a hill giant
  1740 | D        | Killed a troll
  1883 | D        | Noticed a wolf
  1884 | D        | Noticed Grum
  1885 | D        | Noticed a wolf
  1885 | D        | Killed a wolf
  1885 | D        | Received a gift from Trog
  1886 | D        | Noticed a wolf
  1891 | D        | Killed Grum
  1894 | D        | Killed a wolf
  1896 | D        | Killed a wolf
  1964 | D        | Noticed Erica
  1973 | D        | Killed Erica
  1973 | D        | Reached skill level 10 in Dodging
  2116 | D        | Noticed a hippogriff
  2116 | D        | Noticed a deep elf mage
  2116 | D        | Noticed a green ugly thing
  2116 | D        | Noticed a hill giant
  2116 | D        | Noticed a giant frog
  2120 | D        | Killed a hill giant
  2120 | D        | Reached skill level 18 in Fighting
  2121 | D        | Noticed a hill giant
  2125 | D        | Killed a green ugly thing
  2125 | D        | Received a gift from Trog
  2131 | D        | Noticed a tengu conjurer
  2131 | D        | Killed a giant frog
  2139 | D        | Noticed a stone giant
  2141 | D        | Killed a deep elf mage
  2141 | D        | Reached XP level 12. HP: 127/127 MP: 3/11
  2144 | D        | Killed a hippogriff
  2149 | D        | Killed a hill giant
  2149 | D        | Received a gift from Trog
  2156 | D        | Killed a stone giant
  2157 | D        | Killed a tengu conjurer
  2168 | D        | Noticed a fire dragon
  2169 | D        | Noticed a deep troll earth mage
  2170 | D        | Noticed a great orb of eyes
  2170 | D        | Noticed a fire giant
  2171 | D        | Noticed a great orb of eyes
  2177 | D        | Killed a fire dragon
  2177 | D        | Received a gift from Trog
  2182 | D        | Killed a deep troll earth mage
  2187 | D        | Killed a great orb of eyes
  2187 | D        | Reached skill level 19 in Fighting
  2191 | D        | Killed a fire giant
  2191 | D        | Received a gift from Trog
  2193 | D        | Killed a great orb of eyes
  2409 | D        | Noticed Sonja
  2422 | D        | Killed Sonja
  2548 | D        | Noticed a snapping turtle
  2548 | D        | Noticed a merfolk
  2548 | D        | Noticed a merfolk
  2548 | D        | Noticed a griffon
  2548 | D        | Noticed a merfolk avatar
  2549 | D        | Noticed a griffon
  2553 | D        | Noticed a merfolk
  2555 | D        | Killed a merfolk avatar
  2555 | D        | Received a gift from Trog
  2562 | D        | Killed a griffon
  2566 | D        | Killed a merfolk
  2573 | D        | Killed a merfolk
  2582 | D        | Killed a snapping turtle
  2585 | D        | Killed a griffon
  2597 | D        | Killed a merfolk
  2597 | D        | Reached skill level 20 in Fighting
  2613 | D        | Noticed a naga
  2613 | D        | Noticed a black mamba
  2613 | D        | Noticed a naga warrior
  2613 | D        | Noticed a naga warrior
  2613 | D        | Noticed a shock serpent
  2613 | D        | Noticed a black mamba
  2617 | D        | Noticed a shock serpent
  2620 | D        | Killed a shock serpent
  2620 | D        | Received a gift from Trog
  2622 | D        | Killed a black mamba
  2623 | D        | Noticed a naga mage
  2628 | D        | Noticed a mana viper
  2632 | D        | Killed a naga warrior
  2637 | D        | Killed a naga warrior
  2642 | D        | Killed a black mamba
  2642 | D        | Reached XP level 13. HP: 140/140 MP: 4/12
  2644 | D        | Killed a naga
  2648 | D        | Killed a shock serpent
  2651 | D        | Killed a naga mage
  2651 | D        | Received a gift from Trog
  2656 | D        | Killed a mana viper
  2748 | D        | Noticed an entropy weaver
  2748 | D        | Noticed a wolf spider
  2748 | D        | Noticed a hornet
  2748 | D        | Noticed a spider
  2748 | D        | Noticed a wolf spider
  2748 | D        | Noticed an orb spider
  2752 | D        | Killed an orb spider
  2756 | D        | Noticed an emperor scorpion
  2757 | D        | Killed a wolf spider
  2758 | D        | Killed a spider
  2759 | D        | Noticed a jumping spider
  2763 | D        | Killed a hornet
  2763 | D        | Received a gift from Trog
  2765 | D        | Noticed a jumping spider
  2787 | D        | Killed a jumping spider
  2795 | D        | Killed a wolf spider
  2795 | D        | Reached skill level 21 in Fighting
  2797 | D        | Killed a jumping spider
  2806 | D        | Killed an entropy weaver
  2806 | D        | Received a gift from Trog
  2824 | D        | Killed an emperor scorpion
  3072 | D        | Noticed a ghost crab
  3072 | D        | Noticed a bog body
  3072 | D        | Noticed a bog body
  3072 | D        | Noticed a bog body
  3072 | D        | Noticed a thorn hunter
  3072 | D        | Noticed a vampire mosquito
  3075 | D        | Noticed a giant leech
  3083 | D        | Killed a thorn hunter
  3085 | D        | Killed a vampire mosquito
  3089 | D        | Killed a bog body
  3094 | D        | Killed a bog body
  3095 | D        | Noticed a bog body
  3098 | D        | Killed a bog body
  3100 | D        | Killed a ghost crab
  3100 | D        | Received a gift from Trog
  3103 | D        | Killed a giant leech
  3104 | D        | Noticed a ghost crab
  3108 | D        | Killed a bog body
  3110 | D        | Got a slimy flail {god gift}
  3132 | D        | Killed a ghost crab
  3140 | D        | Got a fine trident {god gift}
  3141 | D        | Identified the +4 trident "Wicohos" {pierce, MR++} (Trog gifted it to you in the Dungeon)
  3143 | D        | Identified the +7 flail of Spite {crush, *Noise rPois rF- MR+++} (Trog gifted it to you in the Dungeon)
  3570 | D        | Noticed a stone giant
  3570 | D        | Noticed an ice dragon
  3570 | D        | Noticed a tengu warrior
  3570 | D        | Noticed an ogre mage
  3570 | D        | Noticed a tengu reaver
  3570 | D        | Noticed a tengu warrior
  3579 | D        | Noticed a great orb of eyes
  3609 | D        | Killed a tengu reaver
  3609 | D        | Reached skill level 22 in Fighting
  3615 | D        | Killed a tengu warrior
  3616 | D        | Noticed an ettin
  3619 | D        | Killed an ogre mage
  3619 | D        | Received a gift from Trog
  3620 | D        | Noticed a deep troll shaman
  3620 | D        | Killed a tengu warrior
  3626 | D        | Killed an ice dragon
  3629 | D        | Noticed a golden dragon
  3630 | D        | Killed a stone giant
  3632 | D        | Noticed an ice dragon
  3633 | D        | Killed a great orb of eyes
  3846 | D        | Killed an ettin
  3930 | D        | Received a gift from Trog
  4028 | D        | Killed a deep troll shaman
  4040 | D        | Killed an ice dragon
  4198 | D        | Got a twisted morningstar {god gift}
  4199 | D        | Identified the +5 morningstar of Trog's Whim {freeze, MR+} (Trog gifted it to you in the Dungeon)
  4206 | D        | Noticed a green ugly thing
  4207 | D        | Noticed a wizard
  4208 | D        | Noticed a yaktaur
  4209 | D        | Noticed a vampire mage
  4214 | D        | Killed a green ugly thing
  4215 | D        | Noticed a cyan very ugly thing
  4223 | D        | Killed a yaktaur
  4223 | D        | Received a gift from Trog
  4225 | D        | Noticed a necromancer
  4233 | D        | Killed a golden dragon
  4233 | D        | Reached skill level 23 in Fighting
  4233 | D        | Reached XP level 14. HP: 135/157 MP: 4/13
  4244 | D        | Killed a cyan very ugly thing
  4254 | D        | Killed a vampire mage
  4258 | D        | Killed a necromancer
  4261 | D        | Killed a wizard
  4324 | D        | Noticed a hill giant
  4324 | D        | Noticed an ogre mage
  4324 | D        | Noticed a vampire mosquito
  4324 | D        | Noticed a vault warden
  4324 | D        | Noticed a centaur warrior
  4324 | D        | Noticed a hornet
  4331 | D        | Noticed a black bear
  4331 | D        | a black bear changed into a human
  4332 | D        | Killed a vault warden
  4332 | D        | Received a gift from Trog
  4343 | D        | Killed a hornet
  4346 | D        | Noticed a freezing wraith
  4346 | D        | Killed a centaur warrior
  4348 | D        | Killed a vampire mosquito
  4350 | D        | Noticed a kobold demonologist
  4352 | D        | Killed an ogre mage
  4357 | D        | Killed a hill giant
  4367 | D        | Received a gift from Trog
  4367 | D        | Reached skill level 24 in Fighting
  4375 | D        | Killed a freezing wraith
  4378 | D        | Killed a kobold demonologist
  4381 | D        | Noticed an ironbrand convoker
  4383 | D        | Noticed a white ugly thing
  4385 | D        | Noticed a deep elf fighter
  4386 | D        | Noticed an orc knight
  4389 | D        | Killed an ironbrand convoker
  4393 | D        | Noticed a cyclops
  4396 | D        | Killed a white ugly thing
  4396 | D        | Received a gift from Trog
  4397 | D        | Noticed an orc knight
  4399 | D        | Killed a deep elf fighter
  4405 | D        | Killed an orc knight
  4410 | D        | Killed a cyclops
  4415 | D        | Killed an orc knight
  4474 | D        | Noticed an ironheart preserver
  4475 | D        | Noticed a vault warden
  4476 | D        | Noticed a fire giant
  4476 | D        | Noticed an ogre mage
  4492 | D        | Killed a vault warden
  4495 | D        | Killed an ironheart preserver
  4495 | D        | Received a gift from Trog
  4505 | D        | Killed a fire giant
  4512 | D        | Killed an ogre mage
  4536 | D        | Noticed Nikola
  4559 | D        | Killed Nikola
  4559 | D        | Received a gift from Trog
  4901 | D        | Noticed Mara
  4901 | D        | Noticed Norris
  4904 | D        | Noticed Ordine's illusion
  4912 | D        | Killed Mara
  4912 | D        | Reached skill level 25 in Fighting
  4932 | D        | Killed Norris
  4932 | D        | Reached XP level 15. HP: 171/171 MP: 4/14
  5001 | D        | Noticed Jory
  5016 | D        | Killed Jory
  5016 | D        | Reached skill level 26 in Fighting
  5072 | D        | Noticed a merfolk aquamancer
  5072 | D        | Noticed a merfolk impaler
  5072 | D        | Noticed a merfolk javelineer
  5072 | D        | Noticed a merfolk javelineer
  5072 | D        | Noticed a merfolk aquamancer
  5072 | D        | Noticed a merfolk javelineer
  5073 | D        | Noticed Ilsuiw
  5076 | D        | Killed a merfolk aquamancer
  5076 | D        | Received a gift from Trog
  5078 | D        | Noticed a merfolk aquamancer
  5085 | D        | Killed a merfolk javelineer
  5086 | D        | Noticed a merfolk aquamancer
  5087 | D        | Noticed a merfolk aquamancer
  5089 | D        | Killed a merfolk aquamancer
  5091 | D        | Noticed a merfolk aquamancer
  5095 | D        | Killed a merfolk javelineer
  5096 | D        | Noticed a merfolk impaler
  5105 | D        | Killed Ilsuiw
  5105 | D        | Received a gift from Trog
  5106 | D        | Killed a merfolk aquamancer
  5107 | D        | Noticed a merfolk impaler
  5111 | D        | Killed a merfolk javelineer
  5116 | D        | Killed a merfolk aquamancer
  5121 | D        | Killed a merfolk aquamancer
  5125 | D        | Killed a merfolk aquamancer
  5133 | D        | Killed a merfolk impaler
  5133 | D        | Received a gift from Trog
  5141 | D        | Killed a merfolk impaler
  5149 | D        | Killed a merfolk impaler
  5153 | D        | Got a barnacled rune of Zot
  5296 | D        | Noticed a swamp dragon
  5296 | D        | Noticed a four-headed hydra
  5296 | D        | Noticed a six-headed hydra
  5296 | D        | Noticed a swamp dragon
  5296 | D        | Noticed a six-headed hydra
  5296 | D        | Noticed a six-headed hydra
  5301 | D        | Noticed a swamp dragon
  5303 | D        | Killed a six-headed hydra
  5306 | D        | Noticed a swamp dragon
  5306 | D        | Killed a six-headed hydra
  5306 | D        | Reached skill level 27 in Fighting
  5308 | D        | Killed a swamp dragon
  5308 | D        | Received a gift from Trog
  5308 | D        | Reached skill level 27 in Armour
  5311 | D        | Killed a six-headed hydra
  5312 | D        | Noticed a swamp dragon
  5313 | D        | Killed a four-headed hydra
  5314 | D        | Noticed a seven-headed hydra
  5317 | D        | Noticed a swamp drake
  5317 | D        | Killed a swamp dragon
  5319 | D        | Noticed a swamp dragon
  5321 | D        | Killed a swamp dragon
  5324 | D        | Noticed a five-headed hydra
  5327 | D        | Killed a swamp dragon
  5329 | D        | Killed a swamp dragon
  5329 | D        | Received a gift from Trog
  5333 | D        | Killed a seven-headed hydra
  5336 | D        | Killed a swamp drake
  5341 | D        | Killed a swamp dragon
  5343 | D        | Killed a five-headed hydra
  5353 | D        | Got a decaying rune of Zot
  5471 | D        | Noticed a naga mage
  5471 | D        | Noticed a greater naga
  5471 | D        | Noticed a naga warrior
  5471 | D        | Noticed a naga mage
  5471 | D        | Noticed a guardian serpent
  5471 | D        | Noticed a greater naga
  5473 | D        | Noticed a guardian serpent
  5474 | D        | Noticed a greater naga
  5474 | D        | Killed a greater naga
  5474 | D        | Reached skill level 27 in Shields
  5475 | D        | Killed a naga mage
  5477 | D        | Noticed a naga
  5477 | D        | Killed a guardian serpent
  5477 | D        | Received a gift from Trog
  5481 | D        | Killed a greater naga
  5482 | D        | Noticed a greater naga
  5487 | D        | Killed a guardian serpent
  5487 | D        | Received a gift from Trog
  5488 | D        | Noticed a greater naga
  5492 | D        | Killed a greater naga
  5503 | D        | Killed a greater naga
  5505 | D        | Killed a naga warrior
  5505 | D        | Received a gift from Trog
  5512 | D        | Killed a greater naga
  5514 | D        | Killed a naga mage
  5515 | D        | Noticed a guardian serpent
  5517 | D        | Noticed a naga warrior
  5517 | D        | Killed a naga
  5523 | D        | Killed a guardian serpent
  5523 | D        | Reached skill level 15 in Dodging
  5531 | D        | Killed a naga warrior
  5531 | D        | Received a gift from Trog
  5534 | D        | Got a serpentine rune of Zot
  5541 | D        | Noticed an emperor scorpion
  5541 | D        | Noticed a jumping spider
  5541 | D        | Noticed a demonic crawler
  5541 | D        | Noticed an emperor scorpion
  5541 | D        | Noticed an emperor scorpion
  5541 | D        | Noticed a jumping spider
  5543 | D        | Killed a jumping spider
  5548 | D        | Noticed a ghost moth
  5550 | D        | Noticed a moth of wrath
  5552 | D        | Killed an emperor scorpion
  5554 | D        | Killed a jumping spider
  5566 | D        | Killed an emperor scorpion
  5569 | D        | Killed a demonic crawler
  5577 | D        | Killed an emperor scorpion
  5577 | D        | Received a gift from Trog
  5583 | D        | Killed a ghost moth
  5585 | D        | Killed a moth of wrath
  5589 | D        | Noticed a ghost moth
  5590 | D        | Noticed an emperor scorpion
  5591 | D        | Noticed a wolf spider
  5592 | D        | Noticed an emperor scorpion
  5593 | D        | Killed a ghost moth
  5594 | D        | Noticed a wolf spider
  5614 | D        | Killed an emperor scorpion
  5614 | D        | Reached XP level 16. HP: 165/183 MP: 2/15
  5616 | D        | Killed a wolf spider
  5623 | D        | Killed an emperor scorpion
  5627 | D        | Killed a wolf spider
  5630 | D        | Got a gossamer rune of Zot
  5674 | D        | Noticed Mennas
  5676 | D        | Noticed Frederick
  5705 | D        | Killed Mennas
  5705 | D        | Received a gift from Trog
  5716 | D        | Killed Frederick
  5721 | D        | Got a dazzling flail {god gift}
  5722 | D        | Identified the +10 flail "Kadeliecw" {crush, rPois Int+3} (Trog gifted it to you in the Dungeon)
  5902 | D        | Noticed a vault guard
  5902 | D        | Noticed a vault guard
  5902 | D        | Noticed a vault guard
  5902 | D        | Noticed a vault guard
  5902 | D        | Noticed a vault guard
  5902 | D        | Noticed a vault guard
  5905 | D        | Killed a vault guard
  5906 | D        | Noticed a vault guard
  5908 | D        | Noticed a vault guard
  5911 | D        | Killed a vault guard
  5912 | D        | Noticed a vault guard
  5917 | D        | Killed a vault guard
  5924 | D        | Killed a vault guard
  5924 | D        | Received a gift from Trog
  5926 | D        | Noticed a vault guard
  5927 | D        | Killed a vault guard
  5928 | D        | Noticed a vault guard
  5930 | D        | Noticed a vault guard
  5931 | D        | Killed a vault guard
  5932 | D        | Noticed a vault guard
  5935 | D        | Got a slimy flail {god gift}
  5944 | D        | Killed a vault guard
  5947 | D        | Killed a vault guard
  5949 | D        | Noticed a vault guard
  5951 | D        | Killed a vault guard
  5956 | D        | Killed a vault guard
  5963 | D        | Killed a vault guard
  5963 | D        | Received a gift from Trog
  5967 | D        | Killed a vault guard
  5971 | D        | Killed a vault guard
  5976 | D        | Killed a vault guard
  5980 | D        | Identified the +1 flail of Truncation {flame, +Rage Str+2 Int+4} (Trog gifted it to you in the Dungeon)
  5984 | D        | Noticed a vault guard
  5985 | D        | Noticed a vault guard
  5985 | D        | Noticed a vault guard
  5986 | D        | Noticed a vault guard
  5987 | D        | Noticed a vault guard
  5988 | D        | Noticed a vault guard
  5989 | D        | Killed a vault guard
  5989 | D        | Received a gift from Trog
  5990 | D        | Noticed a vault guard
  5992 | D        | Noticed a vault guard
  5995 | D        | Killed a vault guard
  6005 | D        | Killed a vault guard
  6010 | D        | Killed a vault guard
  6024 | D        | Killed a vault guard
  6031 | D        | Killed a vault guard
  6035 | D        | Killed a vault guard
  6048 | D        | Killed a vault guard
  6048 | D        | Received a gift from Trog
  6053 | D        | Noticed a vault guard
  6054 | D        | Noticed a vault guard
  6055 | D        | Noticed a vault guard
  6066 | D        | Killed a vault guard
  6073 | D        | Killed a vault guard
  6079 | D        | Killed a vault guard
  6107 | D        | Noticed an ancient lich
  6107 | D        | Noticed a stone giant
  6107 | D        | Noticed a yaktaur captain
  6107 | D        | Noticed a vault sentinel
  6107 | D        | Noticed a red very ugly thing
  6107 | D        | Noticed a wolf spider
  6116 | D        | Killed a red very ugly thing
  6116 | D        | Reached skill level 27 in Dodging
  6119 | D        | Killed a wolf spider
  6120 | D        | Noticed a vault sentinel
  6120 | D        | Noticed an ironbrand convoker
  6126 | D        | Killed a yaktaur captain
  6127 | D        | Noticed a hell knight
  6132 | D        | Killed a vault sentinel
  6132 | D        | Received a gift from Trog
  6133 | D        | Noticed a salamander stormcaller
  6135 | D        | Killed an ancient lich
  6137 | D        | Noticed a hornet
  6140 | D        | Killed a stone giant
  6140 | D        | Killed an ironbrand convoker
  6140 | D        | Killed a vault sentinel
  6141 | D        | Noticed a shadow wraith
  6143 | D        | Noticed a shadow dragon
  6145 | D        | Killed a hell knight
  6149 | D        | Killed a salamander stormcaller
  6154 | D        | Noticed a shadow dragon
  6156 | D        | Killed a shadow dragon
  6157 | D        | Noticed a fire dragon
  6158 | D        | Noticed a vault warden
  6158 | D        | Killed a hornet
  6162 | D        | Noticed a yaktaur captain
  6162 | D        | Killed a shadow wraith
  6174 | D        | Killed a shadow dragon
  6181 | D        | Killed a fire dragon
  6181 | D        | Received a gift from Trog
  6187 | D        | Killed a vault warden
  6193 | D        | Killed a yaktaur captain
  6193 | D        | Received a gift from Trog
  6193 | D        | Reached XP level 17. HP: 179/191 MP: 5/16
  6214 | D        | Noticed a shadow dragon
  6214 | D        | Noticed a lich
  6214 | D        | Noticed a lich
  6214 | D        | Noticed an ironheart preserver
  6214 | D        | Noticed a shadow dragon
  6214 | D        | Noticed an ironbrand convoker
  6219 | D        | Noticed a shadow dragon
  6225 | D        | Killed a shadow dragon
  6229 | D        | Killed a lich
  6230 | D        | Noticed a shadow dragon
  6234 | D        | Noticed a quicksilver dragon
  6237 | D        | Killed a lich
  6241 | D        | Killed an ironheart preserver
  6248 | D        | Killed a shadow dragon
  6261 | D        | Killed a shadow dragon
  6266 | D        | Noticed a death cob
  6266 | D        | Noticed a mummy priest
  6266 | D        | Noticed a guardian mummy
  6277 | D        | Killed a shadow dragon
  6277 | D        | Received a gift from Trog
  6281 | D        | Killed a quicksilver dragon
  6286 | D        | Killed an ironbrand convoker
  6286 | D        | Received a gift from Trog
  6289 | D        | Killed a mummy priest
  6297 | D        | Killed a death cob
  6305 | D        | Killed a guardian mummy
  6325 | D        | Got a steaming hat
  6331 | D        | Identified the cursed +0 hat of Xytisihe {*Corrode Str+4 Int-4 Dex+9} (You found it in the Dungeon)
  6334 | D        | Got a silver rune of Zot
  6410 | D        | Noticed Xtahua
  6412 | D        | Noticed a hell knight
  6413 | D        | Noticed a hell knight
  6413 | D        | Noticed Margery
  6418 | D        | Noticed a hell knight
  6418 | D        | Killed Xtahua
  6419 | D        | Noticed a hell knight
  6431 | D        | Killed Margery
  6431 | D        | Reached skill level 27 in Maces & Flails
  6436 | D        | Killed a hell knight
  6436 | D        | Received a gift from Trog
  6439 | D        | Killed a hell knight
  6441 | D        | Killed a hell knight
  6445 | D        | Killed a hell knight
  6445 | D        | Received a gift from Trog
  6730 | D        | Got the amulet "Jonor" {MR+ Regen+ Str+6 Dex+2 Slay-6}
  6735 | D        | Got the ring of Pymemoom {rPois MP+9 Int+4 Slay+2}
  6740 | D        | Got the ring "Zitecv Napusk" {rF- AC+3 Str+5}
  6743 | D        | Got the amulet of the Chupacabra {Faith MR+ Dex+3 Slay+2}
  6753 | D        | Got the ring "Gite" {Str+4 Slay+3}
  6902 | D        | Noticed Louise
  6902 | D        | Noticed Boris
  6915 | D        | Killed Boris
  6925 | D        | Killed Louise
  6925 | D        | Received a gift from Trog
  7040 | D        | Noticed a centaur warrior
  7040 | D        | Noticed a crimson imp
  7040 | D        | Noticed a hill giant
  7040 | D        | Noticed a soldier ant
  7040 | D        | Noticed a centaur warrior
  7040 | D        | Noticed a crimson imp
  7042 | D        | Noticed a trapdoor spider
  7044 | D        | Killed a centaur warrior
  7046 | D        | Killed a crimson imp
  7047 | D        | Killed a soldier ant
  7048 | D        | Noticed a yaktaur
  7050 | D        | Noticed a six-headed hydra
  7050 | D        | Killed a hill giant
  7050 | D        | Received a gift from Trog
  7053 | D        | Killed a centaur warrior
  7054 | D        | Killed a trapdoor spider
  7057 | D        | Killed a yaktaur
  7060 | D        | Killed a six-headed hydra
  7063 | D        | Killed a crimson imp
  7074 | D        | Noticed a fire dragon
  7074 | D        | Noticed a bone dragon
  7074 | D        | Noticed a yellow draconian
  7074 | D        | Noticed a bone dragon
  7074 | D        | Noticed an ice dragon
  7074 | D        | Noticed a bone dragon
  7081 | D        | Noticed a yellow draconian
  7083 | D        | Killed a bone dragon
  7084 | D        | Noticed a black draconian
  7095 | D        | Killed a bone dragon
  7095 | D        | Reached skill level 15 in Evocations
  7103 | D        | Noticed a mottled draconian
  7105 | D        | Killed a bone dragon
  7111 | D        | Killed an ice dragon
  7111 | D        | Received a gift from Trog
  7112 | D        | Got a faintly glowing battleaxe {god gift}
  7113 | D        | Noticed a mottled draconian
  7115 | D        | Noticed a yellow draconian
  7120 | D        | Killed a yellow draconian
  7123 | D        | Killed a fire dragon
  7124 | D        | Noticed a fire dragon
  7131 | D        | Killed a yellow draconian
  7135 | D        | Killed a black draconian
  7135 | D        | Received a gift from Trog
  7141 | D        | Killed a mottled draconian
  7145 | D        | Killed a mottled draconian
  7151 | D        | Killed a yellow draconian
  7156 | D        | Killed a fire dragon
  7170 | D        | Identified the +7 battleaxe "Newtslayer" {chop, rC+} (Trog gifted it to you in the Dungeon)
  7190 | D        | Noticed a mottled draconian scorcher
  7190 | D        | Noticed a red draconian caller
  7190 | D        | Noticed a death cob
  7190 | D        | Noticed a moth of wrath
  7190 | D        | Noticed a fire dragon
  7190 | D        | Noticed a green draconian
  7195 | D        | Noticed a death cob
  7197 | D        | Killed a green draconian
  7197 | D        | Received a gift from Trog
  7201 | D        | Killed a fire dragon
  7202 | D        | Killed a moth of wrath
  7207 | D        | Killed a death cob
  7214 | D        | Killed a red draconian caller
  7214 | D        | Reached XP level 18. HP: 200/200 MP: 10/30
  7217 | D        | Killed a mottled draconian scorcher
  7217 | D        | Received a gift from Trog
  7223 | D        | Killed a death cob
  7585 | D        | Noticed a death cob
  7585 | D        | Noticed a green draconian
  7585 | D        | Noticed a red draconian
  7585 | D        | Noticed a curse toe
  7585 | D        | Noticed a mottled draconian shifter
  7585 | D        | Noticed a black draconian knight
  7587 | D        | Killed a black draconian knight
  7589 | D        | Killed a mottled draconian shifter
  7589 | D        | Received a gift from Trog
  7594 | D        | Noticed a yellow draconian
  7597 | D        | Killed a curse toe
  7603 | D        | Killed a red draconian
  7605 | D        | Killed a green draconian
  7612 | D        | Killed a death cob
  7614 | D        | Killed a yellow draconian
  7876 | D        | Noticed a white draconian
  7876 | D        | Noticed a golden dragon
  7876 | D        | Noticed a red draconian zealot
  7876 | D        | Noticed a moth of wrath
  7876 | D        | Noticed a purple draconian zealot
  7876 | D        | Noticed a white draconian
  7880 | D        | Noticed a mottled draconian
  7882 | D        | Killed a white draconian
  7882 | D        | Received a gift from Trog
  7885 | D        | Noticed a mottled draconian scorcher
  7886 | D        | Killed a purple draconian zealot
  7887 | D        | Noticed a moth of wrath
  7891 | D        | Killed a moth of wrath
  7891 | D        | Received a gift from Trog
  7892 | D        | Got a fine morningstar {god gift}
  7896 | D        | Killed a red draconian zealot
  7901 | D        | Killed a golden dragon
  7904 | D        | Killed a white draconian
  7910 | D        | Killed a mottled draconian
  7910 | D        | Received a gift from Trog
  7915 | D        | Killed a mottled draconian scorcher
  7916 | D        | Killed a moth of wrath
  7920 | D        | Identified the +10 morningstar of the Gloaming {freeze, +Inv Str+3} (Trog gifted it to you in the Dungeon)
  7927 | D        | Noticed a shadow dragon
  7927 | D        | Noticed a red draconian knight
  7927 | D        | Noticed a purple draconian
  7927 | D        | Noticed a storm dragon
  7927 | D        | Noticed a purple draconian
  7927 | D        | Noticed a tentacled monstrosity
  7930 | D        | Killed a tentacled monstrosity
  7930 | D        | Received a gift from Trog
  7931 | D        | Noticed a black draconian
  7932 | D        | Noticed a yellow draconian annihilator
  7938 | D        | Killed a purple draconian
  7941 | D        | Killed a storm dragon
  7949 | D        | Killed a red draconian knight
  7951 | D        | Noticed a purple draconian
  7954 | D        | Killed a purple draconian
  7954 | D        | Received a gift from Trog
  7957 | D        | Killed a shadow dragon
  7959 | D        | Killed a yellow draconian annihilator
  7963 | D        | Killed a black draconian
  7967 | D        | Killed a purple draconian
  7967 | D        | Received a gift from Trog
  8159 | D        | Noticed an Orb Guardian
  8159 | D        | Noticed an Orb Guardian
  8159 | D        | Noticed an Orb Guardian
  8159 | D        | Noticed an Orb Guardian
  8159 | D        | Noticed an Orb Guardian
  8159 | D        | Noticed an Orb Guardian
  8160 | D        | Killed an Orb Guardian
  8162 | D        | Killed an Orb Guardian
  8163 | D        | Noticed an Orb Guardian
  8166 | D        | Killed an Orb Guardian
  8169 | D        | Killed an Orb Guardian
  8169 | D        | Received a gift from Trog
  8173 | D        | Killed an Orb Guardian
  8173 | D        | Reached skill level 27 in Evocations
  8173 | D        | Reached skill level 1 in Stealth
  8177 | D        | Killed an Orb Guardian
  8177 | D        | Reached skill level 5 in Stealth
  8181 | D        | Killed an Orb Guardian
  8387 | D        | Noticed an Orb Guardian
  8388 | D        | Noticed an Orb Guardian
  8389 | D        | Noticed an Orb Guardian
  8393 | D        | Killed an Orb Guardian
  8393 | D        | Received a gift from Trog
  8397 | D        | Killed an Orb Guardian
  8397 | D        | Reached skill level 10 in Stealth
  8401 | D        | Killed an Orb Guardian
  8413 | D        | Noticed a moth of wrath
  8413 | D        | Noticed a tentacled monstrosity
  8413 | D        | Noticed an Orb Guardian
  8413 | D        | Noticed an Orb Guardian
  8413 | D        | Noticed a moth of wrath
  8413 | D        | Noticed a storm dragon
  8414 | D        | Noticed an Orb Guardian
  8415 | D        | Noticed an Orb Guardian
  8418 | D        | Killed a storm dragon
  8422 | D        | Killed an Orb Guardian
  8422 | D        | Received a gift from Trog
  8425 | D        | Killed a moth of wrath
  8429 | D        | Killed a tentacled monstrosity
  8436 | D        | Killed an Orb Guardian
  8436 | D        | Reached skill level 15 in Stealth
  8439 | D        | Killed an Orb Guardian
  8439 | D        | Received a gift from Trog
  8445 | D        | Killed an Orb Guardian
  8445 | D        | Reached XP level 19. HP: 190/207 MP: 35/35
  8448 | D        | Killed a moth of wrath
  8450 | D        | Got a crystal flail {god gift}
  8451 | D        | Identified the +11 flail "Danax" {holy, Int+7} (Trog gifted it to you in the Dungeon)
  8460 | D        | Noticed an ancient lich
  8466 | D        | Killed an ancient lich
  8478 | D        | Noticed an orb of fire
  8490 | D        | Killed an orb of fire
  8764 | D        | Noticed an electric golem
  8770 | D        | Killed an electric golem
  8773 | D        | Noticed a moth of wrath
  8773 | D        | Noticed a death cob
  8773 | D        | Noticed an orb of fire
  8773 | D        | Noticed a golden dragon
  8773 | D        | Noticed a storm dragon
  8773 | D        | Noticed an electric golem
  8777 | D        | Gained mutation: You are weak. (Str -2) [an orb of fire]
  8778 | D        | Noticed a storm dragon
  8787 | D        | Gained mutation: Your spells are a little easier to cast, but a little less powerful. [an orb of fire]
  8788 | D        | Killed an orb of fire
  8791 | D        | Noticed an Orb Guardian
  8792 | D        | Killed a golden dragon
  8792 | D        | Received a gift from Trog
  8795 | D        | Noticed an orb of fire
  8799 | D        | Killed a storm dragon
  8805 | D        | Killed a death cob
  8808 | D        | Killed an electric golem
  8813 | D        | Killed an orb of fire
  8815 | D        | Killed a moth of wrath
  8817 | D        | Noticed an ice dragon
  8821 | D        | Killed a storm dragon
  8825 | D        | Noticed an ancient lich
  8825 | D        | Killed an Orb Guardian
  8827 | D        | Killed an ice dragon
  8828 | D        | Noticed a golden dragon
  8833 | D        | Noticed a shadow dragon
  8834 | D        | Noticed a black draconian
  8835 | D        | Killed an ancient lich
  8835 | D        | Received a gift from Trog
  8844 | D        | Killed a golden dragon
  8853 | D        | Killed a shadow dragon
  8859 | D        | Killed a black draconian
  9144 | D        | Noticed an Orb Guardian
  9144 | D        | Noticed an Orb Guardian
  9144 | D        | Noticed an Orb Guardian
  9144 | D        | Noticed an Orb Guardian
  9144 | D        | Noticed an Orb Guardian
  9144 | D        | Noticed an Orb Guardian
  9147 | D        | Killed an Orb Guardian
  9147 | D        | Reached skill level 27 in Stealth
  9148 | D        | Noticed a moth of wrath
  9156 | D        | Killed an Orb Guardian
  9157 | D        | Killed an Orb Guardian
  9157 | D        | Reached skill level 10 in Unarmed Combat
  9158 | D        | Noticed an Orb Guardian
  9161 | D        | Killed an Orb Guardian
  9161 | D        | Received a gift from Trog
  9173 | D        | Killed an Orb Guardian
  9180 | D        | Killed an Orb Guardian
  9184 | D        | Killed an Orb Guardian
  9184 | D        | Reached skill level 15 in Unarmed Combat
  9187 | D        | Killed a moth of wrath
  9188 | D        | Noticed an Orb Guardian
  9191 | D        | Noticed an Orb Guardian
  9192 | D        | Noticed an Orb Guardian
  9196 | D        | Killed an Orb Guardian
  9196 | D        | Received a gift from Trog
  9197 | D        | Noticed an Orb Guardian
  9200 | D        | Noticed a moth of wrath
  9200 | D        | Killed an Orb Guardian
  9200 | D        | Reached XP level 20. HP: 216/216 MP: 36/36
  9205 | D        | Killed an Orb Guardian
  9212 | D        | Killed an Orb Guardian
  9213 | D        | Noticed an Orb Guardian
  9215 | D        | Killed a moth of wrath
  9215 | D        | Received a gift from Trog
  9223 | D        | Killed an Orb Guardian
  9313 | D        | Noticed a vampire knight
  9313 | D        | Noticed a vampire knight
  9313 | D        | Noticed a vampire knight
  9313 | D        | Noticed a vampire knight
  9313 | D        | Noticed an ancient lich
  9313 | D        | Noticed a lich
  9315 | D        | Noticed an ancient lich
  9321 | D        | Killed a lich
  9323 | D        | Noticed a vampire knight
  9325 | D        | Killed an ancient lich
  9330 | D        | Noticed a vampire knight
  9334 | D        | Killed a vampire knight
  9337 | D        | Noticed a vampire knight
  9339 | D        | Killed an ancient lich
  9339 | D        | Received a gift from Trog
  9342 | D        | Killed a vampire knight
  9345 | D        | Killed a vampire knight
  9347 | D        | Killed a vampire knight
  9349 | D        | Killed a vampire knight
  9349 | D        | Received a gift from Trog
  9354 | D        | Killed a vampire knight
  9359 | D        | Killed a vampire knight
 10967 | D        | Fell from the grace of Trog
 10967 | D        | Became a worshipper of the Shining One
 12571 | D        | Noticed an ancient lich
 12582 | D        | Killed an ancient lich
 12582 | D        | Reached * piety under the Shining One
 12589 | D        | Noticed a spriggan baker
 12589 | D        | Noticed a spriggan baker
 12589 | D        | Noticed a spriggan baker
 12589 | D        | Noticed a spriggan baker
 12589 | D        | Noticed a spriggan baker
 12589 | D        | Noticed a spriggan baker
 12591 | D        | Killed a spriggan baker
 12592 | D        | Noticed a spriggan baker
 12593 | D        | Killed a spriggan baker
 12595 | D        | Killed a spriggan baker
 12596 | D        | Noticed a spriggan baker
 12598 | D        | Killed a spriggan baker
 12599 | D        | Killed a spriggan baker
 12601 | D        | Killed a spriggan baker
 12603 | D        | Killed a spriggan baker
 12604 | D        | Killed a spriggan baker
 12605 | D        | Noticed a spriggan baker
 12606 | D        | Noticed a spriggan baker
 12606 | D        | Noticed a spriggan baker
 12609 | D        | Killed a spriggan baker
 12610 | D        | Killed a spriggan baker
 12611 | D        | Killed a spriggan baker
 12620 | D        | Noticed a deep elf demonologist
 12620 | D        | Noticed a deep elf high priest
 12620 | D        | Reached ** piety under the Shining One
 12620 | D        | Noticed a deep elf annihilator
 12620 | D        | Noticed a deep elf master archer
 12620 | D        | Noticed a deep elf sorcerer
 12620 | D        | Reached *** piety under the Shining One
 12620 | D        | Noticed a deep elf high priest
 12621 | D        | Noticed a deep elf blademaster
 12621 | D        | Reached **** piety under the Shining One
 12623 | D        | Killed a deep elf high priest
 12623 | D        | Reached skill level 27 in Unarmed Combat
 12628 | D        | Killed a deep elf master archer
 12629 | D        | Noticed a deep elf master archer
 12631 | D        | Noticed a deep elf master archer
 12633 | D        | Killed a deep elf blademaster
 12637 | D        | Killed a deep elf annihilator
 12640 | D        | Killed a deep elf sorcerer
 12640 | D        | Reached ***** piety under the Shining One
 12640 | D        | Reached skill level 10 in Invocations
 12641 | D        | Noticed a deep elf high priest
 12646 | D        | Noticed a deep elf death mage
 12646 | D        | Killed a deep elf master archer
 12649 | D        | Killed a deep elf demonologist
 12654 | D        | Noticed a deep elf annihilator
 12663 | D        | Killed a deep elf master archer
 12667 | D        | Killed a deep elf high priest
 12667 | D        | Reached ****** piety under the Shining One
 12668 | D        | Noticed a deep elf demonologist
 12670 | D        | Killed a deep elf death mage
 12671 | D        | Noticed a deep elf death mage
 12673 | D        | Killed a deep elf high priest
 12681 | D        | Killed a deep elf death mage
 12684 | D        | Killed a deep elf demonologist
 12684 | D        | Reached skill level 15 in Invocations
 12689 | D        | Killed a deep elf annihilator
 12696 | D        | Got an elven rune of Zot
 13782 | D        | Noticed an azure jelly
 13782 | D        | Noticed an acid blob
 13782 | D        | Noticed an acid blob
 13782 | D        | Noticed a golden eye
 13785 | D        | Killed a golden eye
 13789 | D        | Killed an acid blob
 13791 | D        | Noticed an acid blob
 13791 | D        | Paralysed by a giant eyeball for 2 turns
 13795 | D        | Killed an acid blob
 13796 | D        | Noticed an acid blob
 13797 | D        | Paralysed by a giant eyeball for 3 turns
 13801 | D        | Killed an azure jelly
 13804 | D        | Noticed the royal jelly
 13806 | D        | Paralysed by a giant eyeball for 2 turns
 13811 | D        | Killed an acid blob
 13815 | D        | Killed an acid blob
 13816 | D        | Noticed an acid blob
 13817 | D        | Paralysed by a giant eyeball for 4 turns
 13823 | D        | Noticed an azure jelly
 13825 | D        | Noticed a golden eye
 13829 | D        | Killed the royal jelly
 13835 | D        | Killed an acid blob
 13836 | D        | Noticed an azure jelly
 13842 | D        | Paralysed by a giant eyeball for 3 turns
 13849 | D        | Paralysed by a giant eyeball for 4 turns
 13854 | D        | Killed an azure jelly
 13857 | D        | Killed a golden eye
 13858 | D        | Noticed a death ooze
 13863 | D        | Paralysed by a giant eyeball for 3 turns
 13867 | D        | Killed an azure jelly
 13868 | D        | Killed a death ooze
 13870 | D        | Paralysed by a giant eyeball for 2 turns
 13886 | D        | Noticed an acid blob
 13888 | D        | Got a slimy rune of Zot
 13892 | D        | Noticed a death ooze
 13892 | D        | Killed an acid blob
 13897 | D        | Killed a death ooze
 14403 | D        | Identified a +9 eveningstar of holy wrath (a +9 antimagic eveningstar blessed by the Shining One)
 14403 | D        | Received a gift from the Shining One
 14653 | D        | Noticed a sphinx
 14653 | D        | Noticed a sphinx
 14653 | D        | Noticed a sphinx
 14653 | D        | Noticed a sphinx
 14653 | D        | Noticed a sphinx
 14653 | D        | Noticed a sphinx
 14654 | D        | Killed a sphinx
 14657 | D        | Killed a sphinx
 14657 | D        | Reached XP level 21. HP: 224/224 MP: 37/37
 14658 | D        | Noticed a sphinx
 14658 | D        | Killed a sphinx
 14660 | D        | Noticed a sphinx
 14661 | D        | Killed a sphinx
 14662 | D        | Noticed a sphinx
 14663 | D        | Noticed a sphinx
 14664 | D        | Noticed a sphinx
 14664 | D        | Killed a sphinx
 14666 | D        | Noticed a sphinx
 14667 | D        | Killed a sphinx
 14673 | D        | Killed a sphinx
 14676 | D        | Killed a sphinx
 14680 | D        | Killed a sphinx
 14684 | D        | Killed a sphinx
 14686 | D        | Killed a sphinx
 14691 | D        | Killed a sphinx
 14693 | D        | Lost mutation: Your spells are a little easier to cast, but a little less powerful. [potion of cure mutation]
 14693 | D        | Lost mutation: You are weak. (Str -2) [potion of cure mutation]
 14904 | D        | Noticed a guardian mummy
 14904 | D        | Noticed a guardian mummy
 14904 | D        | Noticed a guardian mummy
 14904 | D        | Noticed a guardian mummy
 14904 | D        | Noticed a guardian mummy
 14907 | D        | Killed a guardian mummy
 14909 | D        | Killed a guardian mummy
 14911 | D        | Noticed a guardian mummy
 14913 | D        | Killed a guardian mummy
 14915 | D        | Killed a guardian mummy
 14917 | D        | Killed a guardian mummy
 14918 | D        | Noticed a guardian mummy
 14920 | D        | Killed a guardian mummy
 14921 | D        | Noticed a mummy priest
 14924 | D        | Noticed a guardian mummy
 14932 | D        | Killed a guardian mummy
 14937 | D        | Killed a mummy priest
 14939 | D        | Killed a guardian mummy
 14939 | D        | Reached skill level 27 in Invocations
 15301 | D        | Noticed a guardian mummy
 15301 | D        | Noticed a greater mummy
 15301 | D        | Noticed a guardian mummy
 15301 | D        | Noticed a guardian mummy
 15301 | D        | Noticed a mummy priest
 15304 | D        | Killed a mummy priest
 15305 | D        | Noticed a guardian mummy
 15305 | D        | Killed a guardian mummy
 15309 | D        | Killed a guardian mummy
 15314 | D        | Noticed a mummy priest
 15315 | D        | Killed a greater mummy
 15317 | D        | Noticed a guardian mummy
 15318 | D        | Killed a guardian mummy
 15318 | D        | Reached skill level 10 in Throwing
 15320 | D        | Killed a guardian mummy
 15321 | D        | Killed a mummy priest
 15324 | D        | Killed a guardian mummy
 15354 | D        | Noticed a greater mummy
 15354 | D        | Noticed a mummy priest
 15354 | D        | Noticed a mummy priest
 15354 | D        | Noticed a guardian mummy
 15354 | D        | Noticed a mummy priest
 15354 | D        | Noticed a mummy priest
 15355 | D        | Noticed a greater mummy
 15357 | D        | Killed a mummy priest
 15357 | D        | Killed a mummy priest
 15358 | D        | Noticed a greater mummy
 15359 | D        | Killed a guardian mummy
 15451 | D        | Killed a mummy priest
 15452 | D        | Killed a mummy priest
 15463 | D        | Killed a greater mummy
 15463 | D        | Reached skill level 15 in Throwing
 15473 | D        | Killed a greater mummy
 15479 | D        | Killed a greater mummy
 15935 | D        | Noticed a greater mummy
 15945 | D        | Killed a greater mummy
 16152 | D        | Got a golden rune of Zot
 16157 | D        | Noticed a wandering mushroom
 16157 | D        | Noticed a tentacled starspawn
 16157 | D        | Noticed a wretched star
 16157 | D        | Noticed a wretched star
 16157 | D        | Noticed a wretched star
 16158 | D        | Noticed a thrashing horror
 16159 | D        | Killed a wretched star
 16160 | D        | Noticed a large abomination
 16162 | D        | Killed a wretched star
 16165 | D        | Killed a tentacled starspawn
 16166 | D        | Noticed an ancient zyme
 16168 | D        | Killed a wretched star
 16169 | D        | Noticed a small abomination
 16170 | D        | Noticed a neqoxec
 16174 | D        | Killed a wandering mushroom
 16175 | D        | Killed a thrashing horror
 16177 | D        | Killed a large abomination
 16178 | D        | Killed an ancient zyme
 16180 | D        | Killed a small abomination
 16182 | D        | Killed a neqoxec
 16185 | D        | Got an abyssal rune of Zot
 16506 | D        | Noticed Geryon
 16521 | D        | Killed Geryon
 16527 | D        | Noticed Mnoleg
 16527 | D        | Noticed Ereshkigal
 16529 | D        | Noticed Asmodeus
 16550 | D        | Killed Ereshkigal
 16558 | D        | Killed Mnoleg
 16560 | D        | Noticed Antaeus
 16572 | D        | Killed Asmodeus
 16572 | D        | Reached skill level 27 in Throwing
 16593 | D        | Killed Antaeus
 16593 | D        | Reached skill level 10 in Spellcasting
 16593 | D        | Reached XP level 22. HP: 95/233 MP: 38/38
 16595 | D        | Noticed Cerebov
 16624 | D        | Killed Cerebov
 16624 | D        | Reached skill level 15 in Spellcasting
 16633 | D        | Got a bone rune of Zot
 16639 | D        | Got a glowing rune of Zot
 16643 | D        | Got an obsidian rune of Zot
 16645 | D        | Noticed Dispater
 16646 | D        | Noticed Gloorx Vloq
 17175 | D        | Killed Dispater
 17199 | D        | Killed Gloorx Vloq
 17434 | D        | Got a fiery rune of Zot
 17438 | D        | Got an icy rune of Zot
 17440 | D        | Noticed Lom Lobon
 17464 | D        | Killed by an exploding ball lightning

Vault maps used:
D:        linesprint

Action                   |  1- 3 |  4- 6 |  7- 9 | 10-12 | 13-15 | 16-18 | 19-21 | 22-24 || total
-------------------------+-------+-------+-------+-------+-------+-------+-------+-------++-------
Melee: Flail             |    25 |       |       |       |       |       |       |       ||    25
       Morningstar       |       |    12 |    66 |    34 |       |   102 |   147 |       ||   361
       Eveningstar       |       |       |       |   269 |   617 |   576 |   422 |    66 ||  1950
Invok: Berserk           |       |       |     3 |     6 |     5 |       |     1 |       ||    15
       Burn Spellbooks   |       |       |     1 |       |       |       |       |       ||     1
       Trog's Hand       |       |       |     1 |     6 |     9 |    14 |     3 |       ||    33
       Brothers in Arms  |       |       |       |     1 |     3 |       |       |       ||     4
       Divine Shield     |       |       |       |       |       |       |     9 |     3 ||    12
       Cleansing Flame   |       |       |       |       |       |       |     5 |       ||     5
       Summon Divine War |       |       |       |       |       |       |     1 |       ||     1
       Brand Weapon With |       |       |       |       |       |       |     1 |       ||     1
Evoke: Wand              |       |       |       |       |       |     4 |     5 |     2 ||    11
  Use: Potion            |     1 |     1 |     1 |       |     6 |     2 |     7 |    10 ||    28
       Scroll            |       |       |       |     5 |     8 |     9 |     4 |     1 ||    27
 Stab: Invisible         |       |       |       |       |     2 |       |       |       ||     2
  Eat: Chunk             |       |       |     6 |     3 |       |     2 |       |       ||    11
       Bread ration      |       |       |       |     1 |       |       |       |     1 ||     2
       Meat ration       |       |       |       |     1 |     4 |     3 |     5 |       ||    13
       Fruit             |       |       |       |       |     3 |     1 |     7 |     1 ||    12
